 Dungeon Crawl Stone Soup version 0.17-a0-1920-gafa4d75 (webtiles) character file.

1203 4thArraOfDagon the Grappler (level 8, -1/67 HPs)
             Began as a Troll Earth Elementalist on Sept 27, 2015.
             Killed from afar by a naga (7 damage)
             ... with a splash of poison
             ... on level 7 of the Dungeon.
             The game lasted 00:06:10 (1134 turns).

4thArraOfDagon the Grappler (TrEE)                  Turns: 1134, Time: 00:06:10

Health: -1/67      AC:  6    Str: 22    XL:     8   Next: 21%
Magic:  8/8        EV:  6    Int: 13    God:
Gold:   95         SH:  0    Dex: 10    Spells: 2 memorised, 6 levels left

rFire  . . .     SeeInvis .       - Unarmed
rCold  . . .     Clarity  .     b - +1 robe
rNeg   . . .     SustAt   .     (no shield)
rPois  .         Gourm    +     (helmet restricted)
rElec  .         Spirit   .     (no cloak)
rCorr  .         Warding  .     (gloves unavailable)
rMut   .         Stasis   .     (boots unavailable)
MR     .....                    (no amulet)
Stlth  +.........               (no ring)
                                (no ring)

@: mighty, lethally poisoned (-1 -> -2), constricted, not resistant to hostile
enchantments, very unstealthy
A: unfitting armour, claws 3, fast metabolism 3, gourmand, regeneration 2,
shaggy fur 1, tough skin 2
a: no special abilities


You were on level 7 of the Dungeon.
You were not hungry.

You visited 1 branch of the dungeon, and saw 7 of its levels.

You collected 95 gold pieces.

Inventory:

Missiles
 a - 19 stones (quivered)
Armour
 b - a +1 robe (worn)
Magical devices
 e - a wand of polymorph (16)
 h - a wand of random effects (34)
Scrolls
 k - 2 scrolls of recharging
Potions
 f - a potion of ambrosia
 n - a potion of curing
Books
 c - a book of Geomancy

   Spells                             Type                      Level
   a - Sandblast                      Earth                        1
   b - Stoneskin                      Transmutation/Earth          2
   c - Passwall                       Transmutation/Earth          3
   d - Stone Arrow                    Conjuration/Earth            3
   e - Petrify                        Transmutation/Earth          4
   f - Lee's Rapid Deconstruction     Earth                        5
Comestibles
 d - 3 bread rations
 g - 2 fruits
 j - 2 slices of pizza
 l - 2 meat rations


   Skills:
 - Level 1.5 Dodging
 - Level 1.1 Stealth
 * Level 9.8 Unarmed Combat
 - Level 1.2 Spellcasting
 - Level 0.6 Transmutations
 - Level 2.6 Earth Magic


You had 6 spell levels left.
You knew the following spells:

 Your Spells              Type           Power        Failure   Level  Hunger
a - Sandblast             Erth           #.....       10%         1    ##.....
b - Stoneskin             Trmt/Erth      #.......     24%         2    ###....


Dungeon Overview and Level Annotations

Branches:
Dungeon (7/15)
 Temple: D:4-7

Altars:
Elyvilon
Gozag
Qazlal


Innate Abilities, Weirdness & Mutations

You are too large for most types of armour.
You have claws for hands.
Your metabolism is lightning-fast.
You like to eat raw meat.
You heal very quickly.
You are covered in fur (AC +1).
You have very tough skin (AC +2).


Message History

Unknown command.
Unknown command.
You scratch the naga but do no damage.
The naga is almost dead.
The naga hits you! The naga constricts you.
Unknown command.
You barely miss the naga.
The naga is almost dead.
The naga hits you!
* * * LOW HITPOINT WARNING * * *
x2 The naga constricts you.
Unknown command.
Unknown command.
Drink which item? (? for menu, Esc to quit)
It was a potion of might.
You feel very mighty all of a sudden. The naga spits poison at you.
The splash of poison hits you!
You are poisoned.
You die...

..#.......).......#
..#.......#.......#
..#.......#.......#
..'.......#.......#######
..##......#..............
#######+###..............
###'####o?.....
+......No......
#..†..@#.......
##.....#.......
#.....+..oo...
........#..o....
.........#....o..
..........#...o...
...##.....#....... ##+
#.....#


You could see a naga, an orc wizard and an orc.

Vanquished Creatures
  The ghost of PeterLawrence the Basher, an experienced MiFi of Okawaru (D:4)
  The ghost of Tux the Thaumaturge, an experienced DEFE of Vehumet (D:5)
  A sky beast (D:5)
  2 ogres (D:7)
  2 centaurs
  A water moccasin skeleton (D:7)
  A centaur skeleton (D:6)
  A hound (D:6)
  A jelly (D:5)
  A worker ant (D:5)
  6 adders
  A shadow imp (D:5)
  2 orcs
  3 giant cockroaches
  2 hobgoblins (D:2)
  5 jackals
  2 kobolds
  2 quokkas (D:3)
  A giant newt (D:6)
  A jackal skeleton (D:4)
37 creatures vanquished.

Notes
Turn   | Place    | Note
--------------------------------------------------------------
     0 | D:1      | 4thArraOfDagon the Troll Earth Elementalist began the quest for the Orb.
     0 | D:1      | Reached XP level 1. HP: 16/16 MP: 1/1
    23 | D:2      | Reached skill level 1 in Unarmed Combat
    23 | D:2      | Reached XP level 2. HP: 13/24 MP: 0/2
   202 | D:3      | Found a stormy altar of Qazlal.
   211 | D:3      | You fall through a shaft!
   217 | D:4      | Reached XP level 3. HP: 27/31 MP: 3/3
   221 | D:4      | Learned a level 2 spell: Stoneskin
   221 | D:4      | Reached skill level 3 in Unarmed Combat
   348 | D:5      | Entered Level 5 of the Dungeon
   358 | D:5      | Noticed Tux's ghost (experienced DEFE)
   392 | D:5      | Reached XP level 4. HP: 31/39 MP: 4/4
   392 | D:5      | Reached skill level 4 in Unarmed Combat
   398 | D:5      | Killed Tux's ghost
   398 | D:5      | Reached skill level 6 in Unarmed Combat
   398 | D:5      | Reached XP level 5. HP: 39/45 MP: 5/5
   398 | D:5      | Reached XP level 6. HP: 45/53 MP: 6/6
   467 | D:5      | Noticed a sky beast
   533 | D:5      | Killed a sky beast
   542 | D:5      | Noticed a centaur
   596 | D:5      | Killed a centaur
   596 | D:5      | Reached skill level 7 in Unarmed Combat
   611 | D:4      | Noticed PeterLawrence's ghost (experienced MiFi)
   670 | D:4      | Killed PeterLawrence's ghost
   670 | D:4      | Reached skill level 8 in Unarmed Combat
   670 | D:4      | Reached XP level 7. HP: 12/59 MP: 7/7
   946 | D:7      | Reached skill level 9 in Unarmed Combat
   973 | D:7      | Reached XP level 8. HP: 31/67 MP: 8/8
  1051 | D:7      | Found a white marble altar of Elyvilon.
  1051 | D:7      | Found an opulent altar of Gozag.
  1134 | D:7      | Killed from afar by a naga

Vault maps used:
D:1:      tarquinn_simple_flora_water_b
D:2:      first_bread, hangedman_decor_push, roderic_cross_of_infinity,
          uniq_iyjb, uniq_sigmund
D:3:      grunt_qazlal_sundering, cheibriados_altar_1, trog_book,
          uniq_crazy_yiuf_cottage, uniq_robin
D:5:      old_standard_altar, nicolae_overflow_crystal_walls
D:6:      minmay_temple_entry_junction2, lexackson_kobold_supper
D:7:      amethyst_overflow_temple_binary

Action                   |  1- 3 |  4- 6 |  7- 9 || total
-------------------------+-------+-------+-------++-------
Melee: Unarmed           |    51 |    54 |    59 ||   164
 Cast: Sandblast         |     1 |       |       ||     1
Evoke: Wand              |     3 |     1 |     5 ||     9
  Use: Potion            |     1 |     1 |     1 ||     3
       Scroll            |     1 |       |     7 ||     8
  Eat: Chunk             |     6 |     3 |     2 ||    11
